 Dungeon Crawl Stone Soup version 0.18-a0-1655-ge2d8d33 (webtiles) character file.

61 Kidiri the Magician (level 3, 0/20 HPs)
             Began as a Deep Elf Fire Elementalist on Mar 30, 2016.
             Succumbed to an adder's poison
             ... on level 2 of the Dungeon.
             The game lasted 00:05:45 (1165 turns).

Kidiri the Magician (Deep Elf Fire Elementalist)    Turns: 1165, Time: 00:05:46

Health: 0/20       AC:  3    Str:  5    XL:     3   Next: 83%
Magic:  3/10       EV: 13    Int: 20    God:
Gold:   73         SH:  0    Dex: 15    Spells: 4 memorised, 1 level left

rFire  . . .     SeeInvis .     k - +2 short sword (freeze)
rCold  . . .     Gourm    .     a - +1 robe
rNeg   . . .     Faith    .     (no shield)
rPois  .         Spirit   .     (no helmet)
rElec  .         Dismiss  .     (no cloak)
rCorr  .         Reflect  .     (no gloves)
SustAt .         Harm     .     (no boots)
MR     .....                    (no amulet)
Stlth  ++........               (no ring)
                                (no ring)

@: lethally poisoned (0 -> -1), not resistant to hostile enchantments,
unstealthy
A: no striking features
a: no special abilities


You were on level 2 of the Dungeon.
You were not hungry.

You visited 1 branch of the dungeon, and saw 2 of its levels.

You collected 73 gold pieces.

Inventory:

Hand Weapons
 g - a +0 dagger
 k - a +2 short sword of freezing (weapon)
Armour
 a - a +1 robe (worn)
Scrolls
 l - 2 scrolls of teleportation
Books
 b - a book of Flames

   Spells                             Type                      Level
   a - Flame Tongue                   Conjuration/Fire             1
   b - Throw Flame                    Conjuration/Fire             2
   c - Conjure Flame                  Conjuration/Fire             3
   d - Inner Flame                    Hexes/Fire                   3
   e - Sticky Flame                   Conjuration/Fire             4
   f - Fireball                       Conjuration/Fire             5
Comestibles
 c - 2 bread rations
 d - 6 chunks of flesh
 j - 2 beef jerkies


   Skills:
 + Level 0.4 Fighting
 + Level 3.4 Dodging
 - Level 2.4 Stealth
 * Level 4.0 Spellcasting
 + Level 1.5 Conjurations
 + Level 1.1 Hexes
 + Level 3.6 Fire Magic


You had one spell level left.
You knew the following spells:

 Your Spells              Type           Power        Failure   Level  Hunger
a - Flame Tongue          Conj/Fire      ##...        4%          1    None
b - Throw Flame           Conj/Fire      ##....       10%         2    #......
c - Conjure Flame         Conj/Fire      ##......     14%         3    ###....
d - Inner Flame           Hex/Fire       ##......     17%         3    ###....


Dungeon Overview and Level Annotations

Branches:
Dungeon (2/15)

Altars:


Message History

You feel sick.
You aren't carrying any potions.
Unknown command.
Found 15 silver sling bullets.
* * * LOW HITPOINT WARNING * * *
You feel sick.
Things that are here:
a club; a hobgoblin corpse You butcher the hobgoblin corpse.
Things that are here:
a club; a chunk of flesh; a hobgoblin skeleton
* * * LOW HITPOINT WARNING * * *
You feel sick.
Found a stone staircase leading down.
* * * LOW HITPOINT WARNING * * *
You feel sick.
* * * LOW HITPOINT WARNING * * *
You feel sick.
Some of the chunks of flesh in your inventory have rotted away.
You die...

*,,,,,,****,,,,,*
######..,,,,,*,,**,,,*
##>......,,,,*,********
#....(..#******* #.......#
#.......#### *******
***##..........# *,,,,,,
#,,........<...#*****,,,,,,
#.####....@....+,,,,,,,,,,,
#..............#***********
#.......)..#####
#.......##### #...........#
#.#+#...?...# #,*,#.....[.#
*,*,#.......# *,*,#.......#


There were no monsters in sight!

Vanquished Creatures
  An adder (D:2)
  4 dart slugs (D:1)
  2 giant geckos (D:1)
  A giant cockroach (D:1)
  6 goblins (D:1)
  6 hobgoblins
  5 jackals (D:1)
  2 kobolds (D:1)
  A quokka (D:2)
  5 bats
  2 rats (D:1)
35 creatures vanquished.

Notes
Turn   | Place    | Note
--------------------------------------------------------------
     0 | D:1      | Kidiri the Deep Elf Fire Elementalist began the quest for the Orb.
     0 | D:1      | Reached XP level 1. HP: 10/10 MP: 6/6
   138 | D:1      | Reached XP level 2. HP: 10/15 MP: 6/8
   142 | D:1      | Learned a level 2 spell: Throw Flame
   754 | D:1      | Reached XP level 3. HP: 19/19 MP: 7/10
   759 | D:1      | Learned a level 3 spell: Conjure Flame
   763 | D:1      | Learned a level 3 spell: Inner Flame
  1117 | D:2      | Reached skill level 1 in Hexes
  1148 | D:2      | Reached skill level 4 in Spellcasting
  1161 | D:2      | HP: 1/20 [poisoned by an adder]
  1165 | D:2      | Succumbed to an adder's poison

Vault maps used:
D:1:      minmay_arrival_open_corners
D:2:      nicolae_dithmenos_through_a_glass_darkly, lemuel_round_altar,
          minmay_misc_feat_room, uniq_terence, uniq_crazy_yiuf_cottage

Skill      XL: |  1  2  3 |
---------------+----------+-----
Dodging        | 3 |  3.4
Hexes          | 1 |  1.1
Spellcasting   | 4 |  4.0
Fighting       | |  0.4
Stealth        | |  2.4
Conjurations   | |  1.5
Fire Magic     | |  3.6

Action                   || total
-------------------------++-------
Melee: Dagger            ||    13
 Cast: Flame Tongue      ||    42
       Throw Flame       ||    11
  Use: Scroll            ||     5
  Eat: Chunk             ||     1
